 Dungeon Crawl Stone Soup version 0.28-a0-206-gc2c9e32840 (webtiles) character file.

Game seed: 8503001364972500912

1953 Ezendos the Sneak (level 9, -1/58 (62) HPs)
             Began as an Octopode Conjurer on Aug 20, 2021.
             Was a Believer of Vehumet.
             Slain by a wight (5 damage)
             ... on level 7 of the Dungeon.
             The game lasted 00:17:37 (9964 turns).

Ezendos the Sneak (Octopode Conjurer)               Turns: 9964, Time: 00:17:37

HP:   -1/58 (62)    AC:  1    Str:  6    XL:     9   Next: 19%
MP:   9/16          EV: 13    Int: 24    God:    Vehumet [**....]
Gold: 324           SH:  4    Dex: 10    Spells: 5/18 levels left

rFire   . . .      SeeInvis .   e - +7 dagger (speed)
rCold   + . .      Faith    .   k - +0 buckler
rNeg    . . .      Spirit   .   (helmet restricted)
rPois   .          Reflect  .   (no amulet)
rElec   .          Harm     .   d - ring of wizardry
rCorr   .          Rampage  .   q - ring of protection from cold
Will    +....                   l - ring of willpower
Stlth   ++++......              (no ring)
HPRegen 0.19/turn               (no ring)
MPRegen 0.15/turn               (no ring)
                                (no ring)
                                (no ring)

@: studying Crossbows, drained
A: almost no armour, amphibious, 8 rings, camouflage 1, gelatinous body 1,
(nimble swimmer 1), tentacles
a: Renounce Religion


You were on level 7 of the Dungeon.
You worshipped Vehumet.
Vehumet was pleased with you.
You visited 1 branch of the dungeon, and saw 7 of its levels.

You collected 402 gold pieces.
You spent 78 gold pieces at shops.

Inventory:

Hand Weapons
 e - a +7 dagger of speed (weapon)
Missiles
 g - a throwing net
Armour
 k - a +0 buckler (worn)
Jewellery
 d - a ring of wizardry (left tentacle)
 l - a ring of willpower (on tentacle)
 q - a ring of protection from cold (right tentacle)
Wands
 n - a wand of polymorph (5)
 o - a wand of digging (3)
Scrolls
 m - a scroll of fog
 p - a scroll of amnesia
Potions
 a - a potion of mutation
 b - 2 potions of haste
 c - a potion of heal wounds
 f - a potion of lignification
 i - 3 potions of curing
 j - 2 potions of ambrosia


   Skills:
 + Level 6.0 Fighting
 - Level 2.0 Dodging
 - Level 6.0 Stealth
 - Level 4.0 Shields
 + Level 5.0 Spellcasting
 + Level 5.0 Conjurations
 - Level 5.0 Translocations
 + Level 0.0 Transmutations
 + Level 0.0 Earth Magic
 - Level 2.0 Evocations


You had 5 spell levels left.
You knew the following spells:

 Your Spells              Type           Power      Damage    Failure   Level
a - Magic Dart            Conj           100%       1d8       1%          1
b - Searing Ray           Conj           60%        3d5       1%          2
c - Iskenderun's Mystic   Conj/Tloc      30%        2d8       4%          4
d - Statue Form           Tmut/Erth      4%         N/A       99%         6

Your spell library contained the following spells:

 Spells                   Type           Power      Damage    Failure   Level
 Freeze                   Ice            24%        1d5       3%          1
 Shock                    Conj/Air       72%        1d7       1%          1
 Sandblast                Erth           12%        2d6       3%          1
 Dazzling Flash           Conj/Hex       36%        N/A       4%          3
 Passwall                 Tmut/Erth      5%         N/A       5%          2
 Swiftness                Air            6%         N/A       11%         3
 Fulminant Prism          Conj/Hex       9%         3d7       12%         4
 Hailstorm                Conj/Ice       18%        3d6       12%         4
 Airstrike                Air            3%         N/A       32%         4
 Ice Form                 Ice/Tmut       6%         N/A       32%         4
 Petrify                  Tmut/Erth      6%         N/A       32%         4
 Summon Forest            Summ/Tloc      9%         N/A       32%         5
 Agony                    Necr           6%         N/A       65%         5
 Lee's Rapid Deconstruct  Erth           3%         3d6*      65%         5
 Metabolic Englaciation   Hex/Ice        3%         N/A       65%         5
 Silence                  Hex/Air        3%         N/A       65%         5
 Eringya's Noxious Bog    Tmut/Pois      3%         N/A       99%         6
 Simulacrum               Ice/Necr       3%         N/A       99%         6
 Summon Hydra             Summ           3%         N/A       100%        7


Dungeon Overview and Level Annotations

Branches:
Dungeon (7/15)
 Temple: D:4-7

Altars:
Kikubaaqudgha
Vehumet
Xom

Shops:
D:2 (   D:4 !   D:7 !

Annotations:
D:6 1 runed translucent door, exclusion: oklob plant, p0werm0de's ghost, novice GrFi
D:7 Joseph


Innate Abilities, Weirdness & Mutations

You cannot wear most types of armour.
You are amphibious.
You can wear up to eight rings at the same time.
Your skin changes colour to match your surroundings (Stealth+).
Your rubbery body absorbs attacks. (AC +1, EV +1)
((You are camouflaged near water. (Stealth+)))
You have tentacles for arms and can constrict up to eight enemies at once.


Message History

The kobold brigand shouts!
The kobold brigand throws a curare-tipped dart.
The curare-tipped dart misses you.
A wight comes into view. It is wielding a +0 long sword.
The wight closely misses you. The wight misses you.
The wight hits you with a +0 scimitar!
You feel drained.
The wight hits you with a +0 long sword.
* * * LOW HITPOINT WARNING * * *
You feel drained.
* * * LOW HITPOINT WARNING * * *
Casting: Searing Ray (safe; 1% risk of failure)
Confirm with . or Enter, or press ? or * to list all spells.
You erupt in a blast of force!
The mystic blast hits the wight!
The wight is heavily damaged.
The wight is knocked back by the mystic blast.
The mystic blast hits the wight but does no damage.
The mystic blast hits the wight.
The wight is moderately damaged.
The wight is knocked back by the mystic blast.
The wight slams into the rock wall!
The mystic blast hits the wight!
The wight is severely damaged.
The wight is knocked back by the mystic blast.
The kobold shouts!
You hear a shout!
The wight hits you with a +0 scimitar!
* * * LOW HITPOINT WARNING * * *
You block the wight's attack.
Casting: Iskenderun's Mystic Blast (dangerous; 4% risk of failure)
Confirm with . or Enter, or press ? or * to list all spells.
You erupt in a blast of force!
The mystic blast hits the wight.
The wight is moderately damaged.
The wight is knocked back by the mystic blast.
The wight slams into the rock wall!
The mystic blast hits the wight but does no damage.
The wight is moderately damaged.
The mystic blast hits the wight!
You destroy the wight!
Vehumet accepts your kill.
You feel your power returning.
The wight hits you with a +0 long sword.
You die...

.# #### ##.##. ######..#
######....... ##...##..#
##....#....... #..≈..##.###
#............ ..≈≈≈..##..#
##..).......#
.≈≈≈≈≈..#..###..@.[z....#
≈≈≈§≈≈≈§......<.z.......#
≈≈≈§§≈§§..........z...###
§§≈≈§§§..........###..#
.§≈≈≈≈..#.....K..# #..#
§.≈≈≈..##........# #..#
#..≈..##.......#####..## ...
##...####......###.#...###. ###..
..##..###...................#....


You could see 3 wights and a kobold.

Vanquished Creatures
  A water moccasin (D:4)
  An orc warrior (D:6)
  2 ice beasts (D:6)
  A sky beast (D:5)
  A necrophage (D:5)
  A phantom (D:4)
  A kobold brigand (D:5)
  A bullfrog (D:7)
  2 scorpions
  A killer bee (D:6)
  A water moccasin skeleton (D:7)
  5 wights
  A lava snake (D:7)
  A bullfrog zombie (D:6)
  A centaur skeleton (D:7)
  4 jellies (D:6)
  4 hounds
  2 iguanas
  4 orc wizards
  A scorpion zombie (D:4)
  7 gnolls
  2 howler monkey skeletons
  3 adders
  A shadow imp (D:5)
  A white imp (D:7)
  2 ufetubi
  An adder skeleton (D:4)
  6 dart slugs
  17 orcs
  6 ball pythons
  7 bats
  20 endoplasms
  3 giant cockroaches
  7 goblins
  9 hobgoblins
  A jackal (D:4)
  6 quokkas
  5 frilled lizards
  13 kobolds
  7 rats
160 creatures vanquished.

Vanquished Creatures (others)
  10 fungi (D:6)
10 creatures vanquished.

Grand Total: 170 creatures vanquished

Notes
Turn   | Place    | Note
-------+----------+-------------------------------------------
     0 | D:1      | Ezendos the Octopode Conjurer began the quest for the Orb.
     0 | D:1      | Reached XP level 1. HP: 11/11 MP: 3/3
   240 | D:1      | Reached XP level 2. HP: 18/18 MP: 3/5
   432 | D:1      | Found a faded altar of an unknown god.
   714 | D:1      | Reached skill level 1 in Fighting
   841 | D:1      | Reached XP level 3. HP: 23/23 MP: 3/6
   844 | D:1      | Learned a level 2 spell: Searing Ray
  1512 | D:2      | Found Rorretec's Weapon Shoppe.
  2026 | D:2      | Reached XP level 4. HP: 28/28 MP: 4/8
  2978 | D:3      | Found a radiant altar of Vehumet.
  3002 | D:3      | Became a worshipper of Vehumet
  3121 | D:3      | Reached XP level 5. HP: 34/34 MP: 3/9
  3126 | D:3      | Learned a level 4 spell: Iskenderun's Mystic Blast
  4265 | D:4      | Found Tiolesar's Distillery.
  4290 | D:5      | Entered Level 5 of the Dungeon
  4295 | D:4      | Bought a potion of lignification for 39 gold pieces
  4295 | D:4      | Bought a potion of curing for 39 gold pieces
  4328 | D:4      | Found an ancient bone altar of Kikubaaqudgha.
  4375 | D:4      | Noticed a water moccasin
  4415 | D:4      | Killed a water moccasin
  4416 | D:4      | Reached skill level 1 in Translocations
  4416 | D:4      | Reached XP level 6. HP: 23/42 MP: 1/11
  4932 | D:4      | Found a shimmering altar of Xom.
  5090 | D:4      | Reached * piety under Vehumet
  5090 | D:4      | Offered knowledge of Foxfire by Vehumet.
  5166 | D:4      | Reached skill level 5 in Conjurations
  5411 | D:5      | Reached XP level 7. HP: 47/47 MP: 8/12
  5585 | D:5      | Reached skill level 1 in Shields
  6108 | D:5      | Reached skill level 5 in Stealth
  6348 | D:5      | Reached XP level 8. HP: 54/54 MP: 6/14
  6850 | D:6      | Noticed p0werm0de's ghost (novice GrFi)
  6851 | D:6      | Found a runed translucent door.
  7065 | D:6      | Reached skill level 5 in Fighting
  7477 | D:6      | Noticed an oklob plant
  8040 | D:6      | Reached skill level 5 in Spellcasting
  8343 | D:7      | Found Tuaq's Distillery.
  8356 | D:7      | Offered knowledge of Freeze by Vehumet.
  8358 | D:7      | Noticed Joseph
  8775 | D:6      | Reached skill level 5 in Translocations
  8775 | D:6      | Reached skill level 1 in Evocations
  8775 | D:6      | Reached XP level 9. HP: 25/61 MP: 4/16
  8844 | D:6      | Reached ** piety under Vehumet
  9898 | D:7      | Learned a level 6 spell: Statue Form
  9964 | D:7      | Slain by a wight

Illustrated notes

Levels and vault maps discovered:
D:1:      nicolae_arrival_memento_mori, layout_basic, basic_ecumenical_altar,
          st_stairs_3
D:2:      layout_loops_ring, serial_shops, nicolae_square_shop
D:3:      kennysheep_six_static_rooms, layout_loops_ring,
          mainiacjoe_overflow_concentric_impassable
D:4:      layout_gridville, mainiacjoe_overflow_chevrons, amcnicky_altar_gilded,
          serial_shops, nicolae_stop_n_shop_2, serial_glass, glass_columns_b,
          glass_columns_a, due_unseen_surprise, minmay_manual_mess
D:5:      layout_loops_ring
D:6:      lemuel_slime, layout_layer_cave, hellmonk_ghost_happy_afterlife
D:7:      layout_cave_pools, mainiacjoe_overflow_alcove_2,
          minmay_temple_entry_ruins, serial_shops, nicolae_take_the_stairs,
          amcnicky_mini_pool_medium, uniq_joseph

Skill      XL: |  1  2  3  4  5  6  7  8  9 |
---------------+----------------------------+-----
Stealth        | 3 4 5 6 |  6.0
Fighting       | 1 2 3 4 5 6 |  6.0
Spellcasting   | 3 4 5 |  5.0
Translocations | 1 2 5 |  5.0
Conjurations   | 5 |  5.0
Shields        | 2 4 |  4.0
Evocations     | 1 2 |  2.0
Dodging        | |  2.0

Action                   |  1- 3 |  4- 6 |  7- 9 || total
-------------------------+-------+-------+-------++-------
Melee: Unarmed           |     7 |       |       ||     7
       Dagger            |     3 |     3 |    11 ||    17
       Constrict         |     1 |     1 |     1 ||     3
       Tentacles         |       |     1 |     2 ||     3
 Cast: Magic Dart        |    65 |    84 |    54 ||   203
       Searing Ray       |     8 |    15 |    49 ||    72
       Iskenderun's Myst |       |       |     9 ||     9
  Use: Scroll            |       |     8 |     7 ||    15
       Potion            |       |       |     1 ||     1
Armor: Skin              |       |     1 |     1 ||     2
Dodge: Dodged            |    11 |     8 |    29 ||    48
Block: Buckler           |       |       |    15 ||    15

Table legend: (Time is in decaauts)
 A = Elapsed time spent in this place.
 B = Non-inter-level travel time spent in this place.
 C = Inter-level travel time spent in this place.
 D = Time resting spent in this place.
 E = Time spent auto-exploring this place.
 F = Levels seen in this place.
 G = Mean time per level.
                   A        B        C        D        E       F      G
               +--------+--------+--------+--------+--------+-----+--------+
         Total |   9963 |   9608 |    355 |    733 |   7632 |   7 | 1423.3 |
       Dungeon |   9963 |   9608 |    355 |    733 |   7632 |   7 | 1423.3 |
               +--------+--------+--------+--------+--------+-----+--------+

Top non-repeatable levels by time:
     D:6: 2902 daAuts
     D:1: 1483 daAuts
     D:3: 1420 daAuts
     D:2: 1358 daAuts
     D:5: 1234 daAuts
     D:4: 1182 daAuts
     D:7: 381 daAuts
